 Dungeon Crawl Stone Soup version 0.13-a0-2538-gc238810 (webtiles) character file.

8873 JacquesDerrida the Cloud Mage (level 10, 0/69 HPs)
             Began as a Demigod Air Elementalist on July 28, 2013.
             Slain by an ettin
             ... wielding a +2,+0 great mace
              (11 damage)
             ... on Level 10 of the Dungeon.
             The game lasted 00:45:36 (11840 turns).

JacquesDerrida the Cloud Mage (DgAE)               Turns: 11840, Time: 00:45:36

HP   0/69        AC  5     Str 11      XL: 10   Next: 83%
MP  16/29        EV 12     Int 25      God:
Gold 508         SH  0     Dex 18      Spells:  6 memorised, 10 levels left

Res.Fire  : + . .   See Invis. : .   v - staff of conjuration
Res.Cold  : . . .   Warding    : .   L - +0 robe (curse)
Life Prot.: . . .   Conserve   : .   (no shield)
Res.Poison: .       Res.Corr.  : .   (no helmet)
Res.Elec. : .       Clarity    : .   (no cloak)
Sust.Abil.: . .     Spirit.Shd : .   V - +0 pair of gauntlets (curse)
Res.Mut.  : +       Stasis     : .   G - +1 pair of boots
Res.Rott. : .       Flight     : .   u - amulet of resist mutation
Saprovore : . . .                    m - ring of wizardry
                                     h - cursed ring of protection from fire

@: quick, somewhat resistant to hostile enchantments, unstealthy
A: no striking features
a: no special abilities


You were on level 10 of the Dungeon.
You were not hungry.

You visited 1 branch of the dungeon, and saw 10 of its levels.

You collected 536 gold pieces.
You spent 48 gold pieces at shops.

Inventory:

Hand weapons
 i - a cursed +3,+2 elven dagger (quivered)
 n - a cursed +0,-2 spear
 t - a +2,+3 long sword
 x - a +4,+1 spear of distortion
Armour
 G - a +1 pair of boots (worn)
 L - a cursed +0 robe (worn)
 V - a cursed +0 pair of gauntlets (worn)
Magical devices
 f - a wand of fireball (2)
 E - a wand of frost (0)
 M - a wand of confusion (10) {unknown}
 O - a wand of digging (10)
 Q - a wand of flame (8)
 R - a wand of fire (11)
 S - a wand of paralysis (10)
 W - a wand of heal wounds (0)
Comestibles
 c - 3 bread rations
 q - 10 meat rations
Scrolls
 e - 3 scrolls of identify
 g - 4 scrolls of enchant weapon I
 j - 3 scrolls of remove curse
 k - 3 scrolls of teleportation
 w - 2 scrolls of fog
 y - a scroll of noise
 N - 2 scrolls of immolation
Jewellery
 h - a cursed ring of protection from fire (left hand)
 m - a ring of wizardry (right hand)
 o - an uncursed ring of poison resistance {unknown}
 u - an amulet of resist mutation (around neck)
Potions
 a - a potion of poison {unknown}
 d - 2 potions of brilliance
 l - 2 potions of curing
 A - 2 potions of restore abilities
 D - 2 potions of might
Books
 b - a book of Air

   Spells                             Type                      Level
   *Shock                             Conjuration/Air              1
   *Swiftness                         Charms/Air                   2
   *Repel Missiles                    Charms/Air                   2
   *Flight                            Charms/Air                   3
   Static Discharge                   Conjuration/Air              3
   *Lightning Bolt                    Conjuration/Air              5
 I - a book of Dreams

   Spells                             Type                      Level
   Ensorcelled Hibernation            Hexes/Ice                    2
   *Flight                            Charms/Air                   3
   Phase Shift                        Translocation                5
   Shadow Creatures                   Summoning                    5
   Mass Confusion                     Hexes                        6
   Darkness                           Hexes                        7
 K - the Collected Works on Vitriolic Enhancements
   (You found it on level 4 of the Dungeon)

   Spells                             Type                      Level
   Shroud of Golubria                 Charms/Translocation         2
   *Regeneration                      Charms/Necromancy            3
   Spider Form                        Transmutation/Poison         3
   Venom Bolt                         Conjuration/Poison           5
   Haste                              Charms                       6
Magical staves
 v - an uncursed staff of conjuration (weapon)
Miscellaneous
 B - a box of beasts
Rods
 r - a +0 rod of the swarm (11/11)
   (You found it on level 7 of the Dungeon)


   Skills:
 - Level 1.7 Dodging
 - Level 1.7 Stealth
 + Level 8.9 Spellcasting
 - Level 8.8 Conjurations
 + Level 9.4 Air Magic


You had 10 spell levels left.
You knew the following spells:

 Your Spells              Type           Power        Failure   Level  Hunger
a - Shock                 Conj/Air       ####         1%          1    None
b - Repel Missiles        Chrm/Air       ####......   1%          2    None
c - Swiftness             Chrm/Air       ####......   1%          2    None
d - Flight                Chrm/Air       ####......   1%          3    None
e - Regeneration          Chrm/Necr      ##........   7%          3    None
f - Lightning Bolt        Conj/Air       ######....   1%          5    ####...


Dungeon Overview and Level Annotations

Branches:
Dungeon (10/27)            Temple (0/1) D:6
    Orc: D:6-11        Lair: D:8-13

Shops:
D:4: = D:5: }


Message History

You feel a surge of power!
The zap hits the ettin.
The ettin is almost dead.
Casting: Shock
Confirm with . or Enter, or press ? or * to list all spells.
Aiming: Shock
Press: ? - help, Shift-Dir - straight line, p - ettin You feel a surge of power!
The zap hits the ettin.
The ettin is almost dead.
The zap hits the ettin.
The ettin is almost dead.
Casting: Shock
Confirm with . or Enter, or press ? or * to list all spells.
Aiming: Shock
Press: ? - help, Shift-Dir - straight line You feel a surge of power!
The zap hits the ettin.
The ettin is almost dead.
The zap misses the ettin.
The ettin hits you with a great mace!
* * * LOW HITPOINT WARNING * * *
The ettin hits you with a great mace!
You die...

..........###.......#
.?....#...# #.......#
%###.##...#
#.......####### %#
#.##...# #........<....#
.###.##..)#
#.......#...<.#
..........#
#########.....#
.###.##...# #.....#
....C##...# #######.####
.....##...######@>..)..#
......(........C)...(.?#
.....###########.......#
###### #.......#
#.......# ####.......#
######..........#
#...............#
######.....(....#


You could see an ettin.

Vanquished Creatures
  A hill giant (D:9)
  The ghost of Juliette the Shield-Bearer, an experienced HOFi (D:6)
  Psyche (D:9)
  4 yaks
  3 wyverns
  A merfolk (D:7)
  The ghost of Juliette the Cudgeler, an average HOMo (D:5)
  2 hungry ghosts
  2 hippogriffs
  A manticore (D:10)
  Edmund (D:5)
  Menkaure (D:5)
  A steam dragon (D:10)
  2 ogres
  An ice beast (D:7)
  A yellow wasp (D:10)
  3 orc warriors
  2 black bears
  2 sky beasts
  A phantom (D:5)
  5 centaurs
  A big kobold (D:8)
  A giant frog (D:8)
  A gnoll sergeant (D:10)
  A water moccasin (D:6)
  A troll skeleton (D:10)
  5 wights (D:4)
  A goliath beetle (D:6)
  18 killer bees
  5 crimson imps
  A giant frog zombie (D:8)
  2 big fish (D:7)
  A giant frog skeleton (D:9)
  5 orc priests
  4 iguanas
  9 hounds
  7 orc wizards
  2 centaur skeletons
  A water moccasin skeleton (D:9)
  6 scorpions
  6 worker ants
  Jessica (D:2)
  A hound zombie (D:5)
  An ogre skeleton (D:7)
  7 jellies
  A hound skeleton (D:6)
  11 gnolls
  7 adders
  A giant mite (D:6)
  6 worms
  An adder skeleton (D:4)
  An adder zombie (D:5)
  A giant eyeball (D:4)
  6 giant geckos
  35 orcs
  2 ball pythons
  A giant cockroach (D:1)
  19 hobgoblins
  7 jackals (D:4)
  3 quokkas
  15 bats
  8 giant newts
  A giant newt zombie (D:5)
  9 goblins
  A jackal skeleton (D:5)
  19 kobolds
  15 rats
  A rat skeleton (D:4)
  A rat zombie (D:6)
  7 ballistomycetes
304 creatures vanquished.

Vanquished Creatures (collateral kills)
  A rock worm (D:10)
  A mummy (D:10)
2 creatures vanquished.

Vanquished Creatures (others)
  A vampire mosquito (D:9)
  A worker ant (D:9)
  2 giant spores
  5 ballistomycetes (D:10)
9 creatures vanquished.

Grand Total: 315 creatures vanquished

Notes
Turn   | Place    | Note
--------------------------------------------------------------
     0 | D:1      | JacquesDerrida, the Demigod Air Elementalist, began the quest for the Orb.
     0 | D:1      | Reached XP level 1. HP: 14/14 MP: 5/5
    18 | D:1      | Reached skill level 1 in Conjurations
   287 | D:1      | Reached XP level 2. HP: 17/20 MP: 6/6
   483 | D:1      | Learned a level 2 spell: Repel Missiles
   966 | D:2      | Learned a level 2 spell: Swiftness
  1007 | D:2      | Reached XP level 3. HP: 20/26 MP: 6/9
  1167 | D:2      | Noticed Jessica
  1173 | D:2      | Killed Jessica
  1345 | D:2      | Reached skill level 3 in Spellcasting
  1345 | D:2      | Reached XP level 4. HP: 33/33 MP: 9/13
  1510 | D:3      | Learned a level 3 spell: Flight
  1862 | D:3      | Reached XP level 5. HP: 20/38 MP: 9/15
  2001 | D:3      | Found a white marble altar of Elyvilon.
  2001 | D:3      | Found a glowing golden altar of the Shining One.
  2002 | D:3      | Found a glowing silver altar of Zin.
  2240 | D:4      | Found Quutawkank's Jewellery Emporium.
  2249 | D:4      | Bought an uncursed amulet of inaccuracy for 24 gold pieces
  2249 | D:4      | Bought a cursed ring of hunger for 24 gold pieces
  2367 | D:4      | Reached skill level 4 in Spellcasting
  2429 | D:4      | Reached XP level 6. HP: 34/45 MP: 6/18
  2546 | D:4      | Identified the Collected Works on Vitriolic Enhancements (You found it on level 4 of the Dungeon)
  2555 | D:4      | Learned a level 3 spell: Regeneration
  2632 | D:4      | Paralysed by a giant eyeball for 4 turns
  2638 | D:4      | Paralysed by a giant eyeball for 3 turns
  2874 | D:4      | Noticed a hungry ghost
  2904 | D:4      | Killed a hungry ghost
  2904 | D:4      | Reached skill level 5 in Spellcasting
  3054 | D:4      | Reached XP level 7. HP: 46/50 MP: 15/21
  3061 | D:4      | Learned a level 5 spell: Lightning Bolt
  3350 | D:5      | Entered Level 5 of the Dungeon
  3424 | D:5      | Noticed Edmund
  3446 | D:5      | Killed Edmund
  3743 | D:5      | Found an iron altar of Okawaru.
  3771 | D:5      | Noticed Juliette's ghost (average HOMo)
  3796 | D:5      | Killed Juliette's ghost
  3796 | D:5      | Reached skill level 5 in Conjurations
  3891 | D:5      | Found Rigeagat's Gadget Emporium.
  4029 | D:5      | Reached XP level 8. HP: 49/57 MP: 22/22
  4105 | D:5      | Noticed Menkaure
  4120 | D:5      | Killed Menkaure
  4120 | D:5      | Reached skill level 5 in Air Magic
  4458 | D:6      | Noticed Juliette's ghost (experienced HOFi)
  4502 | D:6      | Killed Juliette's ghost
  4502 | D:6      | Reached skill level 6 in Conjurations
  4925 | D:6      | Found a glowing golden altar of the Shining One.
  4985 | D:6      | Reached skill level 7 in Conjurations
  5311 | D:6      | Found a staircase to the Ecumenical Temple.
  5682 | D:6      | Reached XP level 9. HP: 34/62 MP: 14/24
  6201 | D:7      | Identified a +0 rod of the swarm (11/11) (You found it on level 7 of the Dungeon)
  6443 | D:7      | Reached skill level 8 in Conjurations
  6605 | D:7      | Found a deep blue altar of Sif Muna.
  6605 | D:7      | Found a shimmering altar of Xom.
  8615 | D:8      | Reached XP level 10. HP: 58/69 MP: 22/27
  9108 | D:9      | Noticed Psyche
  9125 | D:9      | Killed Psyche
 10064 | D:9      | Found a shattered altar of Ashenzari.
 10551 | D:10     | Entered Level 10 of the Dungeon
 10671 | D:10     | Noticed a hill giant
 10735 | D:9      | Killed a hill giant
 10735 | D:9      | Reached skill level 9 in Air Magic
 11436 | D:10     | Found a basalt altar of Yredelemnul.
 11808 | D:10     | Noticed an ettin
 11840 | D:10     | Slain by an ettin

Action                   |  1- 3 |  4- 6 |  7- 9 | 10-12 || total
-------------------------+-------+-------+-------+-------++-------
Melee: Dagger            |    22 |     8 |       |       ||    30
       Spear             |       |    30 |    58 |       ||    88
       Staff             |       |       |    21 |    41 ||    62
       Long sword        |       |       |    13 |       ||    13
 Cast: Shock             |    76 |   108 |   441 |   265 ||   890
       Swiftness         |       |       |     9 |     8 ||    17
       Repel Missiles    |       |       |     4 |     3 ||     7
       Regeneration      |       |       |     6 |     5 ||    11
       Lightning Bolt    |       |       |       |    19 ||    19
Evoke: Wand              |       |     4 |    14 |    21 ||    39
       Rod               |       |       |       |     5 ||     5
  Use: Scroll            |       |     4 |    19 |     6 ||    29
       Potion            |       |     1 |    10 |     4 ||    15
 Stab: Sleeping          |     1 |     1 |       |       ||     2
